 Dungeon Crawl Stone Soup version 0.32-a0-422-g28b100f618 (webtiles) character file.

Game seed: 592680735193362464

91 Persephone the Shooter (level 4, 0/33 HPs)
             Began as a Coglin Hunter on Feb 21, 2024.
             Slain by Terence
             ... wielding a +0 flail
              (4 damage)
             ... on level 3 of the Dungeon.
             The game lasted 00:02:22 (1715 turns).

Persephone the Shooter (Coglin Hunter)              Turns: 1715, Time: 00:02:23

Health: 0/33       AC:  3    Str: 12    XL:     4   Next: 57%
Magic:  4/4        EV: 12    Int:  8    God:
Gold:   92         SH:  0    Dex: 19    Spells: 3/3 levels left

rFire   . . .        a - +0 shortbow {Akhenaten}
rCold   . . .        (shield currently unavailable)
rNeg    . . .        c - +0 leather armour
rPois   .            (no helmet)
rElec   .            (no cloak)
rCorr   .            (no gloves)
SInv    .            (no boots)
Will    .....        (no amulet)
Stlth   ++           (no ring)
HPRegen 0.25/turn    (no ring)
MPRegen 0.09/turn

%: no passive effects
@: attractive, immotile, revved
A: off-hand wielding, slow wielding, warmup strikes, legs shutdown
a: no special abilities


You were on level 3 of the Dungeon.
You visited 1 branch of the dungeon, and saw 3 of its levels.

You collected 92 gold pieces.

Inventory:

Hand Weapons
 a - a +0 shortbow (weapon) {Akhenaten}
 i - a +0 sling
Armour
 c - a +0 leather armour (worn)
Scrolls
 b - 2 scrolls of butterflies
 f - a scroll of teleportation {unknown}
 j - a scroll of vulnerability {unknown}
 k - a scroll of immolation {unknown}
 l - a scroll of brand weapon {unknown}
 p - a scroll of silence {unknown}
Potions
 d - a potion of attraction
 e - a potion of enlightenment {unknown}
 g - a potion of lignification {unknown}
 h - a potion of ambrosia {unknown}
 m - a potion of heal wounds {unknown}
 n - a potion of might {unknown}
 o - a potion of curing {unknown}


   Skills:
 - Level 2.0 Fighting
 + Level 5.2 Ranged Weapons
 - Level 1.8 Dodging
 - Level 0.9 Stealth


You had 3 spell levels left.
You didn't know any spells.
Your spell library was empty.

Dungeon Overview and Level Annotations

Branches:
Dungeon (3/15)

Altars:

Shops:
D:1 ?   D:2 [

Annotations:
D:3 Terence


Innate Abilities, Weirdness & Mutations

You can wield a second weapon in your off-hand.
It takes a long time for you to wield or remove held weapons.
Your first few attacks do less damage.
Attacking and casting redirects power from your legs.


Message History

Terence shouts!
Terence is lightly wounded.
You shoot an arrow. The arrow hits Terence.
Terence is moderately wounded.
You shoot an arrow.
The arrow hits Terence but does no damage.
Terence is moderately wounded.
Terence hits you with a +0 flail.
You shoot an arrow. The arrow hits Terence.
Terence is moderately wounded.
Terence closely misses you. Terence barely misses you.
You shoot an arrow.
The arrow hits Terence but does no damage.
Terence is moderately wounded.
Terence hits you with a +0 flail.
You shoot an arrow. The arrow hits Terence!
Terence is severely wounded.
Terence hits you with a +0 flail!
Lua - Auto Kill stopped.
Not in fighting shape.
It was a potion of attraction.
You feel attractive to monsters.
You are no longer unable to travel.
Terence closely misses you.
You shoot an arrow. The arrow hits Terence.
Terence is almost dead.
Terence barely misses you.
You shoot an arrow.
The arrow hits Terence but does no damage.
Terence is almost dead.
Terence misses you.
You shoot an arrow. The arrow barely misses Terence.
Terence hits you with a +0 flail. Terence hits you with a +0 flail!
* * * LOW HITPOINT WARNING * * *
You shoot an arrow. The arrow barely misses Terence.
Terence hits you with a +0 flail.
* * * LOW HITPOINT WARNING * * *
You shoot an arrow. The arrow hits Terence.
Terence is almost dead.
Terence hits you with a +0 flail.
You die...
Terence says, "Rest in peace."

####
...################
................@.#
##..#.###########@#
#..#.# ># ##..>.#
.# ....#.# .#
#####.## .#
####...# .#
.......# .#
#......#


You could see Terence.

Vanquished Creatures
  A gnoll (D:1)
  A ribbon worm (D:3)
  2 dart slugs (D:1)
  2 bats
  4 endoplasms
  A giant cockroach (D:2)
  7 goblins
  6 hobgoblins
  2 jackals (D:2)
  2 kobolds (D:1)
  A quokka (D:1)
  7 ball pythons
  3 frilled lizards
  2 rats (D:1)
41 creatures vanquished.

Notes
Turn   | Place    | Note
-------+----------+-------------------------------------------
     0 | D:1      | Persephone the Coglin Hunter began the quest for the Orb.
     0 | D:1      | Reached XP level 1. HP: 16/16 MP: 1/1
   114 | D:1      | Reached XP level 2. HP: 20/22 MP: 2/2
   123 | D:1      | Found Cuxistro's Magic Scroll Shop.
   128 | D:1      | Reached skill level 4 in Ranged Weapons
   159 | D:1      | Reached XP level 3. HP: 27/27 MP: 3/3
   692 | D:1      | Reached XP level 4. HP: 33/33 MP: 4/4
   968 | D:2      | Reached skill level 5 in Ranged Weapons
  1061 | D:2      | Found Zimnarho's Antique Armour Shop.
  1703 | D:3      | Noticed Terence
  1715 | D:3      | Slain by Terence

Illustrated notes

Levels and vault maps discovered:
D:1:      matt_arrival_refuge, layout_loops_ring, serial_shops,
          nicolae_shop_crystal, minmay_misc_feat_room
D:2:      layout_loops_corners, serial_shops, nicolae_shop_stone
D:3:      layout_loops_ring, basic_ecumenical_altar, solitary_fountain,
          nrook_mini_vaults, nicolae_elevator_lobby_plus, uniq_terence,
          uniq_jessica, uniq_ijyb

Skill      XL: |  1  2  3  4 |
---------------+-------------+-----
Ranged Weapons | 4 5 |  5.2
Fighting       | |  2.0
Dodging        | |  1.8
Stealth        | |  0.9

Action                     |  1- 3 |  4- 6 || total
---------------------------+-------+-------++-------
   Fire: Shortbow          |    68 |    74 ||   142
    Use: Potion            |       |     1 ||     1
 Armour: Leather armour    |    10 |    22 ||    32
  Dodge: Dodged            |    12 |    20 ||    32

Table legend: (Time is in decaauts)
 A = Elapsed time spent in this place.
 B = Non-inter-level travel time spent in this place.
 C = Inter-level travel time spent in this place.
 D = Time resting spent in this place.
 E = Time spent auto-exploring this place.
 F = Levels seen in this place.
 G = Mean time per level.
                   A        B        C        D        E       F      G
               +--------+--------+--------+--------+--------+-----+--------+
         Total |   1744 |   1665 |     79 |      0 |   1409 |   3 |  581.3 |
       Dungeon |   1744 |   1665 |     79 |      0 |   1409 |   3 |  581.3 |
               +--------+--------+--------+--------+--------+-----+--------+

Top non-repeatable levels by time:
     D:2: 888 daAuts
     D:1: 733 daAuts
     D:3: 122 daAuts
